 Dungeon Crawl Stone Soup version 0.14-a0-504-gf2529f3 (webtiles) character file.

2484 Psiweapon the Covert (level 9, 0/57 HPs)
             Began as a Vampire Enchanter on Oct 31, 2013.
             Was a Believer of Kikubaaqudgha.
             Slain by a killer bee (3 damage)
             ... on Level 7 of the Dungeon on Nov 1, 2013.
             The game lasted 00:41:13 (7391 turns).

Psiweapon the Covert (Vampire Enchanter)            Turns: 7391, Time: 00:41:14

HP   0/57        AC  6     Str  9      XL: 9   Next:  7%
MP  17/19        EV 11     Int 18      God: Kikubaaqudgha [**....]
Gold 389         SH 12     Dex 14      Spells:  6 memorised,  5 levels left

Res.Fire  : . . .   See Invis. : +   a - +1,+2 dagger
Res.Cold  : + + .   Warding    : .   H - +0 elf leather armour
Life Prot.: + + +   Conserve   : .   r - +1 buckler
Res.Poison: +       Res.Corr.  : +   Q - +0 helmet
Res.Elec. : .       Clarity    : .   C - +1 dwarf cloak
Sust.Abil.: . .     Spirit.Shd : .   (no gloves)
Res.Mut.  : .       Stasis     : .   (no boots)
Res.Rott. : +       Flight     : .   g - amulet of resist corrosion
Saprovore : . . .                    e - +0,+9 ring of slaying
                                     k - ring of wizardry

@: regenerating (expiring), somewhat resistant to hostile enchantments, very
stealthy
A: bottle blood, fangs 3, see invisible, unbreathing
a: Bat Form, Bottle Blood, Receive Corpses, Renounce Religion


You were on level 7 of the Dungeon.
You worshipped Kikubaaqudgha.
Kikubaaqudgha was pleased with you.
You were near bloodless.

You visited 2 branches of the dungeon, and saw 8 of its levels.
You also visited: Ossuary.

You collected 389 gold pieces.

Inventory:

Hand weapons
 a - a +1,+2 dagger (weapon)
 n - a +1,+0 dwarven short sword
 t - a +0,+0 dagger
 w - a +2,+2 bow of flame
 F - a +3,+1 dwarven long sword
 L - a +0 blowgun
Missiles
 d - 87 darts
 h - 26 sling bullets
 l - 16 steel darts (quivered)
 x - 48 arrows
 M - 6 poisoned needles
Armour
 b - a +1 robe
 r - a +1 buckler (worn)
 C - a +1 dwarven cloak (worn)
 H - a +0 elven leather armour (worn)
 Q - a +0 helmet (worn)
Magical devices
 N - a wand of cold (4)
 S - a wand of fire (15)
Scrolls
 i - a scroll of random uselessness
 p - a scroll of curse jewellery {unknown}
 q - 8 scrolls of teleportation
 s - a scroll of noise
 v - 3 scrolls of remove curse
 y - a scroll of blinking
 G - a scroll of enchant weapon II
Jewellery
 e - a +0,+9 ring of slaying (right hand)
 g - an amulet of resist corrosion (around neck)
 k - a ring of wizardry (left hand)
 z - an uncursed ring of positive energy
 B - the ring "Zurhead" {+Fly Str-4 Dex+3}
   (You found it on level 5 of the Dungeon)

   [ring of flight]

   It affects your strength (-4).
   It affects your dexterity (+3).
Potions
 f - 2 potions of restore abilities
 j - 7 potions of blood
 m - 2 potions of curing
 o - a potion of confusion {unknown}
 u - a potion of mutation {unknown}
 D - a potion of invisibility {unknown}
 E - a potion of speed {unknown}
 I - a potion of might {unknown}
 K - 3 potions of poison {unknown}
 O - a potion of magic {unknown}
 P - a potion of degeneration {unknown}
 R - a potion of agility {unknown}
 T - 3 potions of coagulated blood
 U - a potion of brilliance {unknown}
Books
 c - a book of Maledictions

   Spells                             Type                      Level
   *Corona                            Hexes                        1
   *Sure Blade                        Hexes/Charms                 2
   *Ensorcelled Hibernation           Hexes/Ice                    2
   Confuse                            Hexes                        3
   Enslavement                        Hexes                        4
   Invisibility                       Hexes                        6
 A - a book of Callings

   Spells                             Type                      Level
   *Summon Small Mammal               Summoning                    1
   Call Imp                           Summoning                    2
   Call Canine Familiar               Summoning                    3
   Summon Scorpions                   Summoning/Poison             4
   Summon Ice Beast                   Ice/Summoning                4
 J - Kikubaaqudgha's Reference Book on Darkness
   (Kikubaaqudgha gifted it to you on level 5 of the Dungeon)

   Spells                             Type                      Level
   *Animate Skeleton                  Necromancy                   1
   Lethal Infusion                    Charms/Necromancy            2
   Corpse Rot                         Necromancy                   2
   *Regeneration                      Charms/Necromancy            3
   Control Undead                     Necromancy                   4


   Skills:
 - Level 2.1 Short Blades
 - Level 1.0 Throwing
 + Level 3.0 Armour
 - Level 3.1 Dodging
 - Level 9.3 Stealth
 + Level 5.3 Shields
 + Level 3.9 Spellcasting
 - Level 5.0 Hexes
 + Level 2.8 Necromancy
 - Level 4.0 Ice Magic


You had 5 spell levels left.
You knew the following spells:

 Your Spells              Type           Power        Failure   Level  Hunger
a - Corona                Hex            ###....      1%          1    None
b - Ensorcelled Hibernat  Hex/Ice        ###...       1%          2    ##.....
c - Summon Small Mammal   Summ           #...         7%          1    None
d - Sure Blade            Hex/Chrm       ##........   3%          2    ##.....
e - Regeneration          Chrm/Necr      #.........   12%         3    ###....
f - Animate Skeleton      Necr           N/A          2%          1    None


Dungeon Overview and Level Annotations

Branches:
Dungeon (7/27)             Temple (1/1) D:4
    Orc: D:6-11

Altars:
Ashenzari
Cheibriados
Elyvilon
Fedhas
Kikubaaqudgha
Makhleb
Nemelex Xobeh
Okawaru
Sif Muna
Trog
Vehumet
Xom
Yredelemnul
Zin
the Shining One

Shops:
D:5 +


Innate Abilities, Weirdness & Mutations

You heal slowly.
You can bottle blood from corpses.
You have razor-sharp teeth.*
You have supernaturally acute eyesight.
You can survive without breathing.*


Message History

Drink which item? (? for menu, Esc to quit)
You feel much better. You block the killer bee's attack.
The killer bee barely misses you. The killer bee closely misses you.
Your gnoll skeleton completely misses the killer bee.
The killer bee barely misses you.
A killer bee comes into view.
You barely miss the killer bee.
The killer bee is moderately wounded.
You block the killer bee's attack. The killer bee misses you.
The killer bee misses you.
Your gnoll skeleton barely misses the killer bee.
You closely miss the killer bee.
The killer bee is moderately wounded.
The killer bee stings you.
* * * LOW HITPOINT WARNING * * *
The killer bee stings you.
* * * LOW HITPOINT WARNING * * *
The killer bee closely misses you. The killer bee stings you.
You die...
Kikubaaqudgha rasps: "You have failed me!
Welcome... oblivion!"

..##...................# ..k
..##...................##..k##
..............................
..............................
.......[......................
.................(............
..)%..............f..$.......
.................kz..........
................@k..k........
.............###############
.............# .............
............ ...........
.......


You could see an active ballistomycete, 3 killer bees and a friendly gnoll
skeleton.

Vanquished Creatures
  An ice beast (D:5)
  A centaur (D:6)
  4 ogres
  A water moccasin (D:7)
  2 giant frogs (D:6)
  Blork the orc (D:5)
  A manticore zombie (D:5)
  A troll skeleton (D:7)
  4 crimson imps
  3 elf zombies (Ossuary)
  A goliath beetle (D:5)
  A quasit (D:5)
  2 jellies
  5 hounds
  4 worker ants
  2 iguanas
  An orc wizard (D:5)
  A scorpion (D:4)
  A big kobold zombie (Ossuary)
  An ogre skeleton (D:4)
  2 mummies (Ossuary)
  A worker ant zombie (D:5)
  7 gnolls
  9 adders
  A worm (D:3)
  4 adder zombies (Ossuary)
  7 giant geckos
  An ooze (D:4)
  12 orcs
  9 bats
  9 giant cockroaches
  A gnoll zombie (Ossuary)
  13 hobgoblins
  11 jackals
  3 quokkas
  5 giant newts
  A giant spore (D:7)
  5 goblins
  3 goblin zombies
  3 hobgoblin zombies (Ossuary)
  9 kobolds
  2 kobold zombies (Ossuary)
  2 orc zombies (Ossuary)
  7 quokka zombies
  13 rats
  6 rat zombies (Ossuary)
  A plant (D:4)
185 creatures vanquished.

Vanquished Creatures (others)
  A hound skeleton (D:6)
  An iguana skeleton (D:6)
  2 bats
  A hobgoblin zombie (Ossuary)
  A jackal skeleton (D:6)
  2 rats
8 creatures vanquished.

Grand Total: 193 creatures vanquished

Notes
Turn   | Place    | Note
--------------------------------------------------------------
     0 | D:1      | Psiweapon, the Vampire Enchanter, began the quest for the Orb.
     0 | D:1      | Reached XP level 1. HP: 13/13 MP: 4/4
   139 | D:1      | Reached skill level 1 in Throwing
   171 | D:1      | Reached XP level 2. HP: 19/19 MP: 5/5
   391 | D:1      | Learned a level 2 spell: Ensorcelled Hibernation
   705 | D:2      | Reached XP level 3. HP: 24/24 MP: 3/6
  1388 | D:2      | Reached skill level 5 in Hexes
  1767 | D:2      | Reached XP level 4. HP: 30/30 MP: 2/8
  2367 | D:3      | Reached skill level 1 in Ice Magic
  2678 | D:4      | Reached skill level 5 in Stealth
  2685 | D:4      | Noticed an ogre
  2695 | D:4      | Killed an ogre
  2695 | D:4      | Reached skill level 1 in Shields
  2695 | D:4      | Reached XP level 5. HP: 35/35 MP: 9/9
  2735 | D:4      | Learned a level 1 spell: Summon Small Mammal
  2738 | D:4      | Learned a level 2 spell: Sure Blade
  2799 | D:4      | Found a staircase to the Ecumenical Temple.
  2812 | D:4      | Reached skill level 6 in Stealth
  2830 | Temple   | Entered the Ecumenical Temple
  2991 | Temple   | Became a worshipper of Kikubaaqudgha
  3107 | D:5      | Entered Level 5 of the Dungeon
  3107 | D:5      | Found Qoppahoh's Book Shop.
  3120 | D:5      | Reached XP level 6. HP: 24/41 MP: 8/10
  3476 | D:4      | Found a white marble altar of Elyvilon.
  3737 | D:5      | Noticed Blork the orc
  3755 | D:5      | Noticed an ogre
  3772 | D:5      | Killed an ogre
  3772 | D:5      | Reached skill level 7 in Stealth
  3824 | D:5      | Killed Blork the orc
  3824 | D:5      | Reached XP level 7. HP: 29/46 MP: 4/11
  4284 | D:5      | Got a heavily runed platinum ring
  4285 | D:5      | Identified the ring "Zurhead" {+Fly Str-4 Dex+3} (You found it on level 5 of the Dungeon)
  4437 | D:5      | Acquired Kikubaaqudgha's first power
  4437 | D:5      | Received a gift from Kikubaaqudgha
  4438 | D:5      | Identified Kikubaaqudgha's Reference Book on Darkness (Kikubaaqudgha gifted it to you on level 5 of the Dungeon)
  4489 | D:5      | Reached skill level 8 in Stealth
  4707 | D:5      | Noticed an ogre
  4713 | D:5      | Killed an ogre
  4713 | D:5      | Reached skill level 1 in Armour
  5034 | D:6      | Reached XP level 8. HP: 41/52 MP: 12/15
  5039 | D:6      | Learned a level 3 spell: Regeneration
  5041 | D:6      | Learned a level 1 spell: Animate Skeleton
  5317 | D:6      | Reached skill level 9 in Stealth
  5799 | D:6      | Acquired Kikubaaqudgha's second power
  6409 | D:7      | Reached skill level 1 in Necromancy
  6463 | D:7      | Found a sand-covered staircase.
  6472 | Ossuary  | Entered an ossuary
  6990 | Ossuary  | Reached skill level 5 in Shields
  7192 | D:7      | Reached XP level 9. HP: 47/57 MP: 16/19
  7391 | D:7      | Slain by a killer bee

Action                   |  1- 3 |  4- 6 |  7- 9 || total
-------------------------+-------+-------+-------++-------
Melee: Dagger            |   112 |   138 |   251 ||   501
Throw: Dart              |       |       |    17 ||    17
 Cast: Ensorcelled Hiber |    17 |    24 |    41 ||    82
       Summon Small Mamm |       |     2 |     2 ||     4
       Sure Blade        |       |     7 |    19 ||    26
       Regeneration      |       |       |    14 ||    14
       Animate Skeleton  |       |       |     4 ||     4
 Abil: Bottle Blood      |       |     1 |    17 ||    18
       End Transformatio |       |       |     1 ||     1
       Bat Form          |       |       |     1 ||     1
Evoke: Wand              |       |       |     2 ||     2
  Use: Scroll            |       |    13 |     7 ||    20
       Potion            |       |       |     6 ||     6
 Stab: Sleeping          |    26 |    18 |    35 ||    79
       Distracted        |       |       |     2 ||     2
